 Dungeon Crawl Stone Soup version 0.30-a0-883-g5ad918d77d (webtiles) character file.

Game seed: 4395169468901640185

173 Zeldest the Slasher (level 5, -5/35 (42) HPs)
             Began as a Barachi Reaver on Mar 15, 2023.
             Slain by a gnoll
             ... wielding a +0 spear
              (7 damage)
             ... on level 3 of the Dungeon.
             The game lasted 00:03:26 (2048 turns).

Zeldest the Slasher (Barachi Reaver)                Turns: 2048, Time: 00:03:26

HP:   -5/35 (42)    AC:  4    Str: 14    XL:     5   Next: 53%
MP:   7/8           EV: 11    Int: 15    God:
Gold: 110           SH:  3    Dex: 10    Spells: 7/8 levels left

rFire   . . .      SeeInvis .    e - +0 dagger (venom)
rCold   . . .      Faith    .    o - +0 buckler
rNeg    . . .      Spirit   .    b - +0 leather armour
rPois   .          Reflect  .    (no helmet)
rElec   .          Rampage  .    (no cloak)
rCorr   .                        k - +0 pair of gloves
Will    .....                    (no boots)
Stlth   +                        (no amulet)
HPRegen 0.25/turn                (no ring)
MPRegen 0.11/turn                (no ring)

@: heavily drained, slow
A: amphibious, slowness 1, strong legs 1, +LOS
a: Hop


You were on level 3 of the Dungeon.
You visited 1 branch of the dungeon, and saw 3 of its levels.

You collected 110 gold pieces.

Inventory:

Hand Weapons
 a - a +0 falchion
 e - a +0 dagger of venom (weapon)
Armour
 b - a +0 leather armour (worn)
 k - a +0 pair of gloves (worn)
 o - a +0 buckler (worn)
 p - a +0 kite shield
Scrolls
 c - 2 scrolls of amnesia {unknown}
 f - a scroll of poison {unknown}
 i - a scroll of teleportation {unknown}
 j - 3 scrolls of identify {unknown}
 n - 2 scrolls of immolation {unknown}
Potions
 d - a potion of cancellation {unknown}
 g - a potion of haste {unknown}
 h - a potion of heal wounds {unknown}
 l - a potion of brilliance {unknown}
 m - a potion of curing {unknown}
 q - a potion of attraction {unknown}


   Skills:
 + Level 4.3 Fighting
 + Level 5.1 Long Blades
 - Level 2.1 Dodging
 - Level 2.1 Spellcasting
 + Level 4.6 Conjurations


You had 7 spell levels left.
You knew the following spells:

 Your Spells              Type           Power      Damage    Failure   Level
a - Kiss of Death         Conj/Necr      32%        2d7       14%         1

Your spell library contained the following spells:

 Spells                   Type           Power      Damage    Failure   Level
 Shock                    Conj/Air       32%        1d5       14%         1
 Momentum Strike          Conj/Tloc      16%        3d8       22%         2
 Hailstorm                Conj/Ice       8%         3d4       41%         3
 Swiftness                Air            1%         N/A       75%         3
 Airstrike                Air            0%         2d(1-17)  98%         4


Dungeon Overview and Level Annotations

Branches:
Dungeon (3/15)

Altars:


Innate Abilities, Weirdness & Mutations

You are amphibious.
You cover ground slowly.
You can hop short distances.
You have an extended range of vision and can be seen from far away.


Message History

Confirm with . or Enter, or press ? or * to list all spells.
Aiming: Kiss of Death (safe; 14% risk of failure)
Press: ? - help, Shift-Dir - straight line, f - gnoll
Aim: a gnoll, wielding a +3 flail (moderately wounded, very poisoned, 100% to hit)
You miscast Kiss of Death.
You are very lightly contaminated with residual magic.
Nothing appears to happen.
You block the gnoll's attack. x2
Casting: Kiss of Death (safe; 14% risk of failure)
Confirm with . or Enter, or press ? or * to list all spells.
Aiming: Kiss of Death (safe; 14% risk of failure)
Press: ? - help, Shift-Dir - straight line, f/p - gnoll
Aim: a gnoll, wielding a +3 flail (moderately wounded, very poisoned, 100% to hit)
The negative energy hits the gnoll!
The gnoll is drained!
The gnoll is almost dead.
You feel drained. The gnoll barely misses you.
The gnoll hits you from afar with a +0 spear!
You hit the gnoll but do no damage.
The gnoll looks as sick as possible!
The gnoll is almost dead.
The gnoll barely misses you. The gnoll completely misses you.
You hit the gnoll.
You kill the gnoll!
You block the gnoll's attack.
A gnoll comes into view. It is wielding a +0 halberd.
The gnoll shouts!
The gnoll hits you with a +0 spear.
Things that are here:
a +3 flail; a gnoll corpse You hit the gnoll but do no damage.
The gnoll is poisoned.
The gnoll hits you with a +0 spear.
The gnoll hits you from afar with a +0 halberd!
* * * LOW HITPOINT WARNING * * *
A gnoll comes into view. It is wielding a +0 club.
The gnoll completely misses you.
Your magical contamination has completely faded away.
The gnoll hits you from afar with a +0 spear.
* * * LOW HITPOINT WARNING * * *
There is a stone staircase leading up here.
The gnoll looks more healthy.
The gnoll hits you from afar with a +0 spear!
You die...

.# ####†##.#
#.# .#
#....##.# #.#
.# #.#####.#
#.# .#
#.#####.# #.#
.# #.....#.#
###.# .#
####....#
#...# .#
##.###.##
#.###
.######.##
##.###.##
........#
#.g.@..#
#######.##
##g###..#
##.###)####..#
#....>..##..#
#.#####g##..#
#.# #...g...#
#.# #.#.###.#
#...........#
#####.#.#####


You could see 2 gnolls.

Vanquished Creatures
  An ice beast (D:3)
  A gnoll (D:3)
  3 adders (D:2)
  A worm (D:2)
  2 dart slugs
  An orc (D:3)
  4 ball pythons
  3 endoplasms
  4 goblins
  4 hobgoblins
  4 jackals (D:2)
  3 bats
  A frilled lizard (D:2)
  2 kobolds (D:1)
  5 rats
39 creatures vanquished.

Notes
Turn   | Place    | Note
-------+----------+-------------------------------------------
     0 | D:1      | Zeldest the Barachi Reaver began the quest for the Orb.
     0 | D:1      | Reached XP level 1. HP: 17/17 MP: 3/3
   560 | D:1      | Reached XP level 2. HP: 21/22 MP: 5/5
   985 | D:2      | Reached skill level 4 in Long Blades
  1119 | D:2      | Reached XP level 3. HP: 16/25 MP: 6/6
  1566 | D:2      | Reached XP level 4. HP: 34/35 MP: 7/7
  1797 | D:3      | Noticed an ice beast
  1811 | D:3      | Killed an ice beast
  1812 | D:3      | Reached skill level 5 in Long Blades
  1812 | D:3      | Reached XP level 5. HP: 4/41 MP: 6/8
  2048 | D:3      | Slain by a gnoll

Illustrated notes

Levels and vault maps discovered:
D:1:      lightli_arrival_statuegarden, layout_basic, minmay_strange_pillars
D:2:      layout_basic
D:3:      layout_loops_ring, minitemple, dk_noncrumbling_2

Skill      XL: |  1  2  3  4 |
---------------+-------------+-----
Fighting       | 3 4 |  4.3
Long Blades    | 4 5 |  5.1
Conjurations   | 4 |  4.6
Dodging        | |  2.1
Spellcasting   | |  2.1

Action                     |  1- 3 |  4- 6 || total
---------------------------+-------+-------++-------
  Melee: Falchion          |     6 |       ||     6
         Dagger            |    93 |    36 ||   129
   Cast: Kiss of Death     |     2 |     3 ||     5
 Armour: Leather armour    |    19 |     8 ||    27
  Dodge: Dodged            |    50 |    13 ||    63
  Block: Buckler           |     6 |     8 ||    14

Table legend: (Time is in decaauts)
 A = Elapsed time spent in this place.
 B = Non-inter-level travel time spent in this place.
 C = Inter-level travel time spent in this place.
 D = Time resting spent in this place.
 E = Time spent auto-exploring this place.
 F = Levels seen in this place.
 G = Mean time per level.
                   A        B        C        D        E       F      G
               +--------+--------+--------+--------+--------+-----+--------+
         Total |   2323 |   2165 |    158 |    416 |   1314 |   3 |  774.3 |
       Dungeon |   2323 |   2165 |    158 |    416 |   1314 |   3 |  774.3 |
               +--------+--------+--------+--------+--------+-----+--------+

Top non-repeatable levels by time:
     D:2: 1144 daAuts
     D:1: 886 daAuts
     D:3: 292 daAuts
